 Dungeon Crawl Stone Soup version 0.14.0-24-gfb45beb (webtiles) character file.

177517 Sabsy the Blocker (level 17, -2/108 HPs)
             Began as a Minotaur Chaos Knight on Apr 23, 2014.
             Was a Plaything of Xom.
             Killed from afar by a hellion (12 damage)
             ... with a burst of hellfire
             ... summoned by a deep elf demonologist
             ... on Level 2 of the Depths on Apr 24, 2014.
             The game lasted 04:53:15 (37065 turns).

Sabsy the Blocker (Minotaur Chaos Knight)          Turns: 37065, Time: 04:53:16

HP  -2/108       AC 27     Str 23      XL: 17   Next: 20%
MP   0/26        EV 16     Int  8 (9)  God: Xom
Gold 2796        SH 32     Dex 17      Spells:  0 memorised, 16 levels left

rFire  + + .     SeeInvis .     e - +8,+5 morningstar (chaos)
rCold  + . .     Clarity  +     j - +6 plate armour {MR+}
rNeg   . . .     Conserve .     q - +0 shield
rPois  .         rCorr    .     f - -2 hat of Bretocke {rC+ Stlth+}
rElec  .         rRot     .     h - +0 cloak
SustAb . .       Spirit   +     (no gloves)
rMut   .         Warding  .     A - +2 pair of boots of the Assassin {Stlth++}
Saprov . . .     Rnd*Tele +     L - amulet of guardian spirit
MR     +++..                    C - +4 ring of dexterity
                                (no ring)

@: very slightly contaminated, drained, extremely resistant to hostile
enchantments, quite stealthy
A: retaliatory headbutt, horns 2, talons 2, repulsion field 1, large bone plates
1, thin skeletal structure 1, blink 1, carnivore 2, clarity, fire resistance 2,
frail 1, magic resistance 1, regeneration 1, shaggy fur 1, slow metabolism 1,
teleportitis 1
a: Blink, Renounce Religion
}: 1/15 runes: serpentine


You were on level 2 of the Depths.
You worshipped Xom.
You were a very special plaything of Xom.
You were not hungry.

You visited 5 branches of the dungeon, and saw 34 of its levels.

You collected 3684 gold pieces.
You spent 888 gold pieces at shops.

Inventory:

Hand weapons
 e - a +8,+5 morningstar of chaos (weapon)
Missiles
 m - 4 javelins of returning (quivered)
Armour
 f - the -2 hat of Bretocke (worn) {rC+ Stlth+}
   (You acquired it on level 1 of the Lair of Beasts)

   It protects you from cold.
   It makes you much more stealthy.
 h - a +0 cloak (worn)
 j - a +6 plate armour of magic resistance (worn)
 q - a +0 shield (worn)
 A - the +2 pair of boots of the Assassin (worn) {Stlth++}
   (You acquired it on level 3 of the Snake Pit)

   It makes you much more stealthy.
Magical devices
 k - a wand of digging (13)
 o - a wand of invisibility (2)
 y - a wand of teleportation (5)
 G - a wand of fire (0)
 V - a wand of disintegration (7)
 X - a wand of lightning (0)
Comestibles
 d - 6 bread rations
 Q - 5 honeycombs
 R - a royal jelly
Scrolls
 g - 2 scrolls of identify
 r - 3 scrolls of remove curse
 t - a scroll of vulnerability
 T - a scroll of magic mapping
Jewellery
 l - an uncursed ring of positive energy
 C - a +4 ring of dexterity (right hand)
 L - an amulet of guardian spirit (around neck)
 M - the ring "Phugeff" {-Tele rN+ SInv}
   (You found it on level 6 of the Lair of Beasts)

   [ring of see invisible]

   It protects you from negative energy.
   It prevents most forms of teleportation.
Potions
 x - 8 potions of curing
 P - 5 potions of restore abilities
 Z - a potion of flight
Miscellaneous
 v - a lamp of fire (inert)
 J - a stone of tremors (inert)
Rods
 b - a +5 rod of the swarm (15/15)
   (You found it on level 8 of the Lair of Beasts)


   Skills:
 - Level 3.6(3.0) Fighting
 - Level 13.7(13.0) Maces & Flails
 - Level 5.2(4.6) Throwing
 - Level 11.9(11.2) Armour
 - Level 16.1(15.3) Dodging
 + Level 12.8(12.1) Stealth
 - Level 17.2(16.4) Shields
 - Level 10.3(9.6) Evocations


You had 16 spell levels left.
You didn't know any spells.

Dungeon Overview and Level Annotations

Branches:
Dungeon (15/15)            Temple (0/1) D:6             Orc (4/4) D:11
    Elf (0/3) Orc:4          Lair (8/8) D:11         Shoals (0/5) Lair:4
  Snake (5/5) Lair:5        Slime (0/6) Lair:8       Vaults (0/5) D:13
 Depths (2/5) D:15

Altars:
Ashenzari
Cheibriados
Dithmenos
Elyvilon
Fedhas
Nemelex Xobeh
Trog
Yredelemnul
Zin
Beogh
Jiyva

Shops:
D:9 *   Orc:4 ??[:

Portals:
Pandemonium: Depths:1
Ziggurat: Depths:2

Annotations:
D:6 Protee's ghost, experienced HEAM
D:8 Grum
Lair:6 exclusion: oklob plant
Depths:2 exclusion: ice statue


Innate Abilities, Weirdness & Mutations

You reflexively headbutt those who attack you in melee.
You have a pair of horns on your head.
You have razor-sharp toenails.
You are surrounded by a mild repulsion field (EV +2).
You are partially covered in large bone plates (AC +2, SH +2).
You have a somewhat thin skeletal structure (Dex +2, Stealth).
You can translocate small distances at will.
Your digestive system is highly specialised to digest meat.
You possess an exceptional clarity of mind.
Your flesh is very heat resistant.
You are frail (-10% HP).
You are resistant to hostile enchantments.
Your natural rate of healing is unusually fast.
You are covered in fur (AC +1).
You have a slow metabolism.
Space occasionally distorts in your vicinity.


Message History

The hellion gestures at you.
The hellfire explodes!
The burst of hellfire engulfs you!
Your scroll of teleportation catches fire!
* * * LOW HITPOINT WARNING * * *
The shadow dragon breathes negative energy at you.
The bolt of negative energy hits you!
You feel drained.
* * * LOW HITPOINT WARNING * * *
Drink which item? (? for menu, Esc to quit)
Okay, then.
Press: ? - help, v - describe, . - travel
Here: a shadow dragon (catching its breath)
The floor.
Things that are here:
a long sword; an uncursed short sword; a leather armour The hellion gestures at you.
The hellfire explodes!
The burst of hellfire engulfs you!
One of your 3 scrolls of identify catches fire!
One of your 2 scrolls of vulnerability catches fire!
You die...
Xom howls with laughter!

#8....8# ###... ##....##
##((3.. #8....8# ##⌠).e..
##....## ##!(...E.
#8....8# ##........
##....## ##...4.e...
#8....8# ##...2...#..
##....## #...3...##..
#######.@#####......##...
#≈§.....))..##''...##....
#§......§...D.32'###$....
#...§§§§≈§≈......###[....
#..%§.....§.)......##....
#.................§.## ..
#≈≈...≈≈≈...≈§§≈≈≈§§.#
#....§≈≈§≈......§§§..#
#(.§.§§≈≈§........_.∩#


You could see a shadow dragon, an ice devil and a hellion.

Vanquished Creatures
  Asterion (Snake:5)
  3 greater nagas (Snake:5)
  A frost giant (Depths:2)
  An orc warlord (Orc:1)
  Gastronok (Lair:1)
  A stone giant (Depths:2)
  A grey draconian (Snake:5)
  A salamander firebrand (Depths:1)
  A pale draconian (Snake:1)
  A vampire knight (Depths:1)
  A red draconian (Snake:5)
  An ettin (Depths:2)
  3 vault guards (D:13)
  A siren (Depths:2)
  A deep elf high priest (Depths:2)
  A yaktaur captain (D:15)
  Fannar (Lair:8)
  Harold (Lair:1)
  6 hydras
  7 naga warriors
  An ice dragon (Depths:1)
  6 anacondas
  2 ogre magi
  6 death yaks
  10 naga sharpshooters
  3 centaur warriors
  3 sun demons (Depths:1)
  7 shock serpents
  A deep elf knight (Depths:2)
  5 orc high priests (Orc:4)
  A skeletal warrior (D:13)
  3 deep trolls (Depths:2)
  2 salamander mystics
  A sea snake (Snake:2)
  An ice devil (Depths:2)
  5 naga ritualists
  An unseen horror (D:12)
  An orc knight (D:13)
  8 mana vipers
  2 griffons
  5 hill giants
  4 salamanders
  2 manticores
  A red wasp (Snake:2)
  3 cyclopes
  A hill giant (shapeshifter) (Depths:2)
  2 sixfirhies (D:14)
  26 black mambas
  4 slime creatures (D:14)
  15 naga magi
  A drowned soul (Depths:2)
  6 elephants (Lair:8)
  A small abomination (Depths:2)
  11 spiny frogs
  5 gargoyles
  3 guardian serpents
  2 orange demons (D:14)
  An item mimic (Orc:3)
  A kobold demonologist (D:14)
  A tengu conjurer (D:15)
  3 fire drakes
  2 red devils
  An efreet (Depths:2)
  5 trolls
  A hydra zombie (D:15)
  2 blue devils (Depths:2)
  2 freezing wraiths (Depths:2)
  A queen bee (Lair:3)
  5 polar bears (Lair:8)
  4 two-headed ogres
  A golden dragon simulacrum (Depths:2)
  6 komodo dragons
  3 giant fireflies
  A yaktaur (Depths:1)
  A shadow dragon simulacrum (Depths:2)
  A raiju (Lair:8)
  A snapping turtle (D:10)
  6 blink frogs (Lair:8)
  A boulder beetle (Lair:8)
  4 ravens (D:15)
  10 grizzly bears (Lair:8)
  A hydra skeleton (D:15)
  A baby alligator (shapeshifter) (D:14)
  2 basilisks
  A brown ooze (shapeshifter) (D:14)
  23 yaks
  4 spriggans
  5 sharks
  2 water elementals
  15 ugly things
  2 wyverns
  A shadow (D:11)
  A hippogriff (shapeshifter) (D:14)
  A deep elf mage (D:13)
  A human (D:9)
  2 elephant slugs
  17 hippogriffs
  A wraith (D:12)
  2 deep elf fighters (Depths:2)
  A hill giant skeleton (D:9)
  62 nagas
  17 wolves
  2 vampire mosquitoes (D:10)
  12 wargs
  11 swamp worms (Lair:6)
  2 mottled dragons (D:15)
  A hungry ghost (D:11)
  A human skeleton (D:12)
  4 sky beasts
  13 porcupines
  28 water moccasins
  14 orc warriors
  7 hell hounds
  A phantom (D:6)
  5 soldier ants
  A manticore zombie (D:11)
  A spriggan simulacrum (Depths:2)
  A yellow wasp (D:12)
  8 black bears
  2 manticore skeletons
  13 centaurs
  4 giant goldfish
  4 big kobolds
  8 crocodiles
  A boring beetle (Snake:4)
  12 ogres
  Duvessa (Orc:1)
  9 giant slugs
  A brain worm (Lair:7)
  18 giant frogs
  2 jellies
  A big kobold (shapeshifter) (Snake:4)
  A gnoll sergeant (D:12)
  24 killer bees
  A yak zombie (D:9)
  A scorpion (D:7)
  2 eyes of draining (D:10)
  11 wights
  2 electric eels
  A troll skeleton (D:12)
  Dowan (Orc:1)
  4 crimson imps
  2 giant frog zombies
  8 goliath beetles
  24 hounds
  2 quasits
  A centaur skeleton (D:4)
  28 orc wizards
  31 orc priests
  3 big fish
  3 iguanas
  16 worker ants
  11 sheep
  2 hound skeletons
  2 mummies
  A worker ant zombie (D:11)
  42 adders
  12 gnolls
  20 green rats
  6 shadow imps
  3 white imps
  5 giant mites
  2 inept feature mimics
  12 worms
  An orc zombie (D:8)
  An iguana zombie (D:9)
  An iguana skeleton (D:4)
  2 giant eyeballs
  2 oozes
  9 giant geckos
  164 orcs
  2 ball pythons
  22 bats
  A giant cockroach (D:4)
  26 goblins
  18 hobgoblins
  37 jackals
  A giant gecko zombie (D:7)
  8 giant newts
  A hobgoblin skeleton (D:4)
  21 kobolds
  A kobold zombie (D:8)
  4 orc skeletons
  12 quokkas
  16 rats
  A rat skeleton (D:7)
  2 plants (Lair:6)
1247 creatures vanquished.

Vanquished Creatures (collateral kills)
  A tentacled monstrosity (Depths:2)
  2 greater nagas
  A stone giant (Depths:1)
  A vault guard (D:13)
  A ravenous feature mimic (Depths:2)
  A naga warrior (Snake:5)
  A deep troll earth mage (Depths:2)
  An orc high priest (Orc:4)
  A spriggan berserker (Depths:2)
  2 naga sharpshooters
  A deep elf knight (Depths:2)
  An unseen horror (D:15)
  A naga ritualist (Snake:4)
  2 salamanders (Snake:4)
  2 black mambas (Snake:4)
  2 naga magi (Snake:5)
  A queen ant (Lair:1)
  A wind drake (Snake:1)
  A yak (Lair:3)
  A warg (Orc:4)
  A deep dwarf (D:15)
  5 nagas
  An orc warrior (D:13)
  A soldier ant (Lair:1)
  A black bear (Lair:8)
  4 ogres
  A tengu zombie (D:13)
  2 worker ants (Lair:1)
  10 orc priests (Orc:4)
  A sheep (Lair:1)
  2 adders (Snake:2)
  An ufetubus (Depths:2)
  A giant gecko (Lair:1)
  15 orcs
  A goblin (Orc:4)
  A kobold (D:15)
73 creatures vanquished.

Vanquished Creatures (others)
  A catoblepas (Lair:7)
  A drowned soul (Depths:2)
  2 dancing weapons
  A spiny frog (Lair:7)
  A frost giant simulacrum (Depths:2)
  4 vampire mosquitoes
  A naga (Snake:5)
  A wolf (Lair:8)
  4 yellow wasps
  3 earth elementals
  7 spiders
  7 scorpions
  A water moccasin zombie (D:5)
  16 killer bees
  10 crimson imps
  3 goliath beetles
  17 quasits
  9 iron imps
  25 worker ants
  A green rat (Lair:8)
  A worker ant zombie (D:4)
  16 white imps
  18 shadow imps
  9 worms
  17 ufetubi
  4 butterflies
  2 fungi (Lair:8)
  2 plants (Lair:8)
184 creatures vanquished.

Grand Total: 1504 creatures vanquished

Notes
Turn   | Place    | Note
--------------------------------------------------------------
     0 | D:1      | Sabsy, the Minotaur Chaos Knight, began the quest for the Orb.
     0 | D:1      | Reached XP level 1. HP: 19/19 MP: 1/1
    34 | D:1      | XOM: potion effect (berserk rage)
   136 | D:1      | Reached XP level 2. HP: 26/26 MP: 1/1
   292 | D:1      | XOM: potion effect (invisibility)
   323 | D:1      | XOM: divination: detect items
   533 | D:2      | XOM: harmless Fire miscast
   546 | D:2      | XOM: divination: detect creatures
   550 | D:2      | Reached skill level 4 in Maces & Flails
   550 | D:2      | Reached XP level 3. HP: 23/31 MP: 2/2
   593 | D:2      | XOM: divination: detect items
  1085 | D:2      | XOM: divination: detect creatures
  1170 | D:2      | XOM: snakes to sticks
  1353 | D:2      | XOM: vitrification
  1443 | D:2      | Reached XP level 4. HP: 35/39 MP: 2/2
  1588 | D:2      | XOM: god gift: 45 gold pieces
  1823 | D:3      | Found a bloodstained altar of Trog.
  1859 | D:3      | Reached skill level 1 in Shields
  1899 | D:3      | Found a snail-covered altar of Cheibriados.
  2000 | D:3      | XOM: mild Necr miscast
  2035 | D:3      | XOM: silly message
  2177 | D:3      | Found a shadowy altar of Dithmenos.
  2345 | D:3      | XOM: noise
  2361 | D:3      | Reached XP level 5. HP: 32/45 MP: 2/2
  2570 | D:3      | XOM: noise
  2608 | D:4      | Noticed a hippogriff
  2652 | D:3      | XOM: mild Hex miscast
  2756 | D:4      | Reached skill level 5 in Maces & Flails
  3157 | D:4      | Reached XP level 6. HP: 43/51 MP: 3/3
  3260 | D:4      | XOM: give mutations
  3260 | D:4      | Gained mutation: You can breathe flames. [Xom's mischief]
  3260 | D:4      | Gained mutation: You have large cloven feet. [Xom's mischief]
  3260 | D:4      | Gained mutation: Your mind is acute. (Int +2) [Xom's mischief]
  3260 | D:4      | Gained mutation: You are weak. (Str -2) [Xom's mischief]
  3450 | D:4      | XOM: medium Conj miscast
  3455 | D:4      | Killed a hippogriff
  3455 | D:4      | Reached skill level 5 in Armour
  3512 | D:4      | Found a blossoming altar of Fedhas.
  3612 | D:5      | Entered Level 5 of the Dungeon
  3708 | D:5      | XOM: 4-stop teleportation journey
  3745 | D:5      | XOM: 9-stop teleportation journey
  3790 | D:5      | XOM: medium Trmt miscast
  3802 | D:5      | XOM: cast spell 'Dragon Form'
  4005 | D:5      | Found a basalt altar of Yredelemnul.
  4005 | D:5      | Found a glowing silver altar of Zin.
  4097 | D:5      | XOM: divine lightning
  4375 | D:5      | Reached skill level 6 in Maces & Flails
  4375 | D:5      | Reached XP level 7. HP: 55/57 MP: 3/3
  4791 | D:5      | XOM: swap monsters
  4962 | D:5      | XOM: god gift: 2 javelins of returning
  5082 | D:5      | Gained mutation: You are covered in fur (AC +1). [potion of mutation]
  5082 | D:5      | Gained mutation: You have sharp fingernails. [potion of mutation]
  5082 | D:5      | Gained mutation: You have a fast metabolism. [potion of mutation]
  5085 | D:5      | Lost mutation: Your mind is acute. (Int +2) [potion of cure mutation]
  5085 | D:5      | Lost mutation: You have a fast metabolism. [potion of cure mutation]
  5085 | D:5      | Lost mutation: You can breathe flames. [potion of cure mutation]
  5085 | D:5      | Lost mutation: You have large cloven feet. [potion of cure mutation]
  5085 | D:5      | Lost mutation: You are weak. (Str -2) [potion of cure mutation]
  5085 | D:5      | Lost mutation: You have sharp fingernails. [potion of cure mutation]
  5161 | D:6      | Reached skill level 5 in Shields
  5228 | D:6      | Found a staircase to the Ecumenical Temple.
  5228 | D:6      | XOM: 7-stop teleportation journey
  5351 | D:6      | Found a sparkling altar of Nemelex Xobeh.
  5427 | D:6      | Noticed Protee's ghost (experienced HEAM)
  5682 | D:6      | Reached skill level 7 in Maces & Flails
  5828 | D:6      | XOM: swap monsters
  6024 | D:6      | Reached XP level 8. HP: 53/64 MP: 3/3
  6032 | D:7      | XOM: swap monsters
  6289 | D:7      | XOM: silly message
  6387 | D:7      | XOM: give mutation
  6387 | D:7      | Gained mutation: Your flesh is heat resistant. [Xom's mischief]
  6480 | D:7      | XOM: medium Summ miscast
  6490 | D:7      | XOM: mild Chrm miscast
  6513 | D:7      | Reached skill level 8 in Maces & Flails
  6521 | D:7      | Found a white marble altar of Elyvilon.
  6625 | D:7      | XOM: stat loss: -1 Int (12/13)
  6626 | D:7      | XOM: harmless Chrm miscast
  6636 | D:7      | XOM: cast spell 'Blink'
  6638 | D:7      | Reached skill level 5 in Dodging
  6682 | D:7      | XOM: harmless Summ miscast
  6697 | D:7      | XOM: confuse monster(s)
  6754 | D:7      | Reached XP level 9. HP: 56/70 MP: 4/4
  6899 | D:7      | XOM: confuse monster(s)
  7170 | D:7      | XOM: harmless Divn miscast
  7350 | D:8      | Reached skill level 9 in Maces & Flails
  7449 | D:8      | XOM: summons friendly iron imp
  7472 | D:8      | Found a sparkling altar of Nemelex Xobeh.
  7613 | D:8      | XOM: 3-stop teleportation journey
  8052 | D:8      | Noticed Grum
  8097 | D:8      | XOM: enchant monster (good)
  8217 | D:9      | XOM: summons friendly shadow imp
  8385 | D:9      | XOM: mild Conj miscast
  8526 | D:9      | Reached skill level 10 in Maces & Flails
  8637 | D:9      | Found a shattered altar of Ashenzari.
  8745 | D:9      | Found Oqaikh's Assorted Antiques.
  8748 | D:9      | Bought a scroll labeled SCHEYP NU TAQU for 19 gold pieces
  8748 | D:9      | Bought a potion of heal wounds for 57 gold pieces
  8748 | D:9      | Bought a scroll of identify for 38 gold pieces
  8748 | D:9      | Bought a potion of heal wounds for 57 gold pieces
  8748 | D:9      | Bought a scroll of identify for 38 gold pieces
  8748 | D:9      | Bought a scroll of enchant weapon I for 66 gold pieces
  8920 | D:9      | XOM: vitrification
  8928 | D:9      | XOM: give mutations
  8928 | D:9      | Gained mutation: You can spit poison. [Xom's grace]
  8928 | D:9      | Gained mutation: Your mind is acute. (Int +2) [Xom's grace]
  8928 | D:9      | Gained mutation: Your natural rate of healing is unusually fast. [Xom's grace]
  8928 | D:9      | Gained mutation: You are agile. (Dex +2) [Xom's grace]
  9080 | D:9      | Gained mutation: You have a fast metabolism. [mutagenic meat]
  9081 | D:9      | Gained mutation: You occasionally shout uncontrollably. [potion of mutation]
  9081 | D:9      | Lost mutation: Your mind is acute. (Int +2) [potion of mutation]
  9081 | D:9      | Gained mutation: You can translocate small distances at will. [potion of mutation]
  9410 | D:10     | Entered Level 10 of the Dungeon
  9414 | D:10     | XOM: potion effect (agility)
  9420 | D:10     | Reached XP level 10. HP: 71/77 MP: 4/4
  9560 | D:10     | XOM: swap monsters
  9640 | D:10     | Reached skill level 10 in Shields
  9743 | D:10     | Noticed a hill giant
  9743 | D:10     | XOM: summons friendly crimson imp
  9759 | D:10     | Killed a hill giant
  9968 | D:10     | Noticed a hill giant
  9968 | D:10     | XOM: harmless Divn miscast
 10115 | D:10     | XOM: potion effect (agility)
 10200 | D:10     | Reached skill level 11 in Maces & Flails
 10472 | D:11     | XOM: summons friendly white imp
 10479 | D:11     | XOM: polymorph brown ugly thing -> spriggan
 10484 | D:11     | XOM: enchant monster (bad)
 10575 | D:11     | Gained mutation: Your magical capacity is low (-10% MP). [mutagenic meat]
 10576 | D:11     | Lost mutation: You are agile. (Dex +2) [mutagenic meat]
 10577 | D:11     | Gained mutation: You possess an exceptional clarity of mind. [mutagenic meat]
 10578 | D:11     | Gained mutation: You have sharp toenails. [mutagenic meat]
 10614 | D:11     | XOM: god gift: 260 gold pieces
 10663 | D:11     | XOM: vitrification
 10734 | D:11     | Found a sparkling altar of Nemelex Xobeh.
 10786 | D:11     | Found a staircase to the Lair.
 10883 | D:11     | XOM: mild Pois miscast
 10942 | D:11     | Found a staircase to the Orcish Mines.
 11019 | D:11     | XOM: swap monsters
 11161 | D:11     | XOM: medium Summ miscast
 11180 | D:11     | Reached XP level 11. HP: 82/82 MP: 3/3
 11600 | D:11     | Reached skill level 12 in Maces & Flails
 11612 | D:11     | Lost mutation: You have a fast metabolism. [mutagenic meat]
 11665 | D:11     | XOM: medium Pois miscast
 11691 | Lair:1   | Entered Level 1 of the Lair of Beasts
 11704 | Lair:1   | XOM: swap monsters
 11759 | Lair:1   | Reached skill level 10 in Dodging
 11779 | Lair:1   | XOM: enchant monster (good)
 11942 | Lair:1   | XOM: summons 7 friendly demons
 11993 | Lair:1   | XOM: god gift: stone of tremors
 11996 | Lair:1   | Noticed Gastronok
 12014 | Lair:1   | XOM: god gift: scroll labeled TAAWKU CYBON
 12050 | Lair:1   | Identified 2 scrolls of acquirement
 12074 | Lair:1   | Killed Gastronok
 12109 | Lair:1   | Got a dazzling hat
 12113 | Lair:1   | Identified the -2 hat of Bretocke {rC+ Stlth+} (You acquired it on level 1 of the Lair of Beasts)
 12115 | Lair:1   | Got a fine demon whip
 12118 | Lair:1   | Identified the +10,+7 demon whip "Skacoupt" {freeze, rPois rC+ Int-1} (You acquired it on level 1 of the Lair of Beasts)
 12210 | Lair:1   | XOM: summons 2 friendly demons
 12213 | Lair:1   | Noticed Harold
 12233 | Lair:1   | Killed Harold
 12243 | Lair:1   | XOM: enchant monster (good)
 12350 | Lair:1   | XOM: noise
 12605 | Lair:1   | Reached skill level 13 in Maces & Flails
 12730 | Lair:2   | Noticed a seven-headed hydra
 12744 | Lair:2   | XOM: stat loss: -1 Dex (13/14)
 12754 | Lair:2   | Killed a seven-headed hydra
 12964 | Lair:2   | XOM: mild Necr miscast
 13076 | Lair:2   | Noticed a five-headed hydra
 13081 | Lair:2   | Killed a five-headed hydra
 13081 | Lair:2   | Reached XP level 12. HP: 55/90 MP: 4/4
 13166 | Lair:2   | XOM: severe Chrm miscast
 13225 | Lair:3   | Noticed a four-headed hydra
 13225 | Lair:3   | XOM: polymorph rat -> adder
 13245 | Lair:3   | Killed a four-headed hydra
 13324 | Lair:3   | Reached skill level 1 in Evocations
 13495 | Lair:3   | XOM: 8-stop teleportation journey
 13523 | Lair:3   | XOM: 3-stop teleportation journey
 13549 | Lair:3   | XOM: summons friendly shadow imp
 13559 | Lair:3   | XOM: confuse monster(s)
 13566 | Lair:3   | XOM: enchant monster (good)
 13588 | Lair:3   | XOM: inner flame monster(s)
 13787 | Lair:3   | XOM: give mutations
 13787 | Lair:3   | Gained mutation: You are partially covered in large bone plates (AC +2, SH +2). [Xom's grace]
 13787 | Lair:3   | Gained mutation: Your system is resistant to poisons. [Xom's grace]
 14323 | Lair:4   | Found a staircase to the Shoals.
 14390 | Lair:4   | XOM: divination: magic mapping
 14625 | Lair:4   | XOM: silly message
 14808 | Lair:5   | Found a staircase to the Snake Pit.
 14818 | Lair:5   | XOM: god gift: 6 strawberries
 14840 | Lair:5   | XOM: harmless Divn miscast
 15059 | Lair:5   | Reached skill level 14 in Shields
 15235 | Lair:5   | XOM: blink monster(s)
 15318 | Lair:5   | XOM: mild Chrm miscast
 15474 | Lair:6   | Reached skill level 5 in Evocations
 15536 | Lair:6   | XOM: give mutations
 15536 | Lair:6   | Lost mutation: Your system is resistant to poisons. [Xom's mischief]
 15536 | Lair:6   | Lost mutation: Your magical capacity is low (-10% MP). [Xom's mischief]
 15536 | Lair:6   | Gained mutation: You are weak. (Str -2) [Xom's mischief]
 15536 | Lair:6   | Lost mutation: You occasionally shout uncontrollably. [Xom's mischief]
 15685 | Lair:6   | XOM: colour smoke trail
 15734 | Lair:6   | XOM: silly message
 15735 | Lair:6   | XOM: divination: detect items
 15776 | Lair:6   | XOM: inner flame monster(s)
 15915 | Lair:6   | XOM: noise
 15987 | Lair:6   | Got a transparent bone ring
 16004 | Lair:6   | Identified the ring "Phugeff" {-Tele rN+ SInv} (You found it on level 6 of the Lair of Beasts)
 16065 | Lair:6   | XOM: enchant monster (bad)
 16067 | Lair:6   | Reached XP level 13. HP: 74/95 MP: 17/17
 16383 | Lair:6   | XOM: summons friendly shadow imp
 16403 | Lair:6   | XOM: noise
 16415 | Lair:6   | XOM: harmless Erth miscast
 16416 | Lair:6   | XOM: harmless Trmt miscast
 16439 | Lair:6   | XOM: enchant monster (bad)
 16591 | Lair:6   | XOM: give mutation
 16591 | Lair:6   | Gained mutation: Armour fits poorly on your strangely shaped body. [Xom's mischief]
 16643 | Lair:6   | XOM: give mutations
 16643 | Lair:6   | Lost mutation: You have sharp toenails. [Xom's mischief]
 16643 | Lair:6   | Lost mutation: You can spit poison. [Xom's mischief]
 16783 | Lair:7   | XOM: harmless Ice miscast
 16796 | Lair:7   | XOM: medium Fire miscast
 16801 | Lair:7   | XOM: potion effect (brilliance)
 16977 | Lair:7   | XOM: divine lightning
 17174 | Lair:7   | Reached skill level 15 in Shields
 17258 | Lair:7   | XOM: noise
 17746 | Lair:7   | Paralysed by a potion of paralysis for 2 turns
 17819 | Lair:8   | Entered Level 8 of the Lair of Beasts
 17819 | Lair:8   | Noticed Fannar
 17855 | Lair:8   | Killed Fannar
 17905 | Lair:8   | XOM: vitrification
 17951 | Lair:8   | XOM: stat loss: -1 Dex (13/14)
 17964 | Lair:8   | XOM: divination: magic mapping
 17968 | Lair:8   | XOM: summons 4 hostile shadow creatures
 17999 | Lair:8   | XOM: enchant monster (bad)
 18048 | Lair:8   | XOM: potion effect (invisibility)
 18074 | Lair:8   | Found a viscous altar of Jiyva.
 18075 | Lair:8   | Found a staircase to the Slime Pits.
 18173 | Lair:8   | XOM: enchant monster (good)
 18186 | Lair:8   | XOM: noise
 18195 | Lair:8   | XOM: enchant monster (good)
 18222 | Lair:8   | XOM: enchant monster (good)
 18234 | Lair:8   | XOM: mild Tloc miscast
 18536 | Lair:8   | XOM: noise
 18924 | Lair:8   | XOM: confuse monster(s)
 18993 | Lair:8   | XOM: medium Divn miscast
 18998 | Lair:8   | XOM: summons friendly white imp
 19016 | Lair:8   | XOM: blink monster(s)
 19042 | Lair:8   | XOM: potion effect (invisibility)
 19067 | Lair:8   | XOM: silly message
 19071 | Lair:8   | Identified a +4 rod of the swarm (14/14) (You found it on level 8 of the Lair of Beasts)
 19147 | Lair:8   | XOM: silly message
 19867 | D:12     | Reached XP level 14. HP: 94/102 MP: 22/22
 19873 | D:12     | Reached skill level 16 in Shields
 19920 | D:12     | XOM: harmless Trmt miscast
 20211 | D:12     | XOM: harmless Chrm miscast
 20414 | D:12     | XOM: divination: detect creatures
 20721 | D:13     | XOM: chaos upgrade
 20846 | D:13     | Found a gate to the Vaults.
 20846 | D:13     | XOM: cast spell 'Beastly Appendage'
 20870 | D:13     | XOM: enchant monster (good)
 20883 | D:13     | XOM: confuse monster(s)
 20887 | D:13     | XOM: confuse monster(s)
 20893 | D:13     | XOM: confuse monster(s)
 20897 | D:13     | XOM: enchant monster (good)
 20985 | D:13     | XOM: potion effect (might)
 21194 | D:13     | XOM: harmless Ice miscast
 21398 | D:13     | XOM: summons friendly crimson imp
 21421 | D:13     | XOM: summons friendly ufetubus
 21478 | D:13     | XOM: polymorph crimson imp -> iron imp
 21773 | D:14     | XOM: mild Ice miscast
 21790 | D:14     | Gained mutation: You have a somewhat thin skeletal structure (Dex +2, Stealth). [mutagenic meat]
 21792 | D:14     | Gained mutation: Your digestive system is specialised to digest meat. [mutagenic meat]
 21794 | D:14     | Gained mutation: You are frail (-10% HP). [mutagenic meat]
 21795 | D:14     | Gained mutation: You have a slow metabolism. [mutagenic meat]
 21796 | D:14     | Gained mutation: Space occasionally distorts in your vicinity. [mutagenic meat]
 21978 | D:14     | XOM: enchant monster (good)
 22014 | D:14     | XOM: divination: detect creatures
 22079 | D:14     | Reached skill level 10 in Evocations
 22109 | D:14     | XOM: colour smoke trail
 22257 | D:14     | XOM: noise
 22430 | D:15     | Entered Level 15 of the Dungeon
 22496 | D:15     | Reached skill level 15 in Dodging
 22512 | D:15     | XOM: polymorph ogre -> deep dwarf
 22654 | D:15     | XOM: inner flame monster(s)
 22726 | D:15     | Reached skill level 17 in Shields
 23059 | D:15     | Reached skill level 1 in Throwing
 23060 | D:15     | Found a staircase to the Depths.
 23127 | Depths:1 | Entered Level 1 of the Depths
 23476 | Snake:1  | Entered Level 1 of the Snake Pit
 23563 | Snake:1  | XOM: mild Trmt miscast
 23627 | Snake:1  | XOM: mild Ice miscast
 23631 | Snake:1  | XOM: chaos upgrade
 23640 | Snake:1  | XOM: polymorph naga sharpshooter -> wind drake
 23643 | Snake:1  | XOM: silly message
 23791 | Snake:1  | XOM: noise
 24049 | Snake:1  | Noticed a greater naga
 24085 | Snake:1  | a greater naga changed into a pale draconian
 24085 | Snake:1  | XOM: polymorph greater naga -> pale draconian
 24146 | Snake:1  | XOM: harmless Divn miscast
 24234 | Snake:1  | XOM: polymorph water moccasin -> naga
 24235 | Snake:1  | Reached XP level 15. HP: 96/96 MP: 25/25
 24249 | Snake:1  | XOM: blink monster(s)
 24483 | Snake:1  | XOM: enchant monster (good)
 24713 | Lair:2   | XOM: mild Hex miscast
 24771 | D:11     | XOM: harmless Chrm miscast
 24817 | Orc:1    | Entered Level 1 of the Orcish Mines
 24827 | Orc:1    | XOM: enchant monster (good)
 24844 | Orc:1    | Found a roughly hewn altar of Beogh.
 24851 | Orc:1    | Noticed Dowan
 24884 | Orc:1    | Noticed Duvessa
 24893 | Orc:1    | Killed Duvessa
 24898 | Orc:1    | Killed Dowan
 24903 | Orc:1    | XOM: silly message
 25096 | Orc:1    | XOM: god gift: potion of curing
 25280 | Orc:1    | XOM: god gift: scroll of fear
 25353 | Orc:1    | XOM: summons 13 friendly demons
 25360 | Orc:1    | Reached skill level 5 in Throwing
 25360 | Orc:1    | XOM: potion effect (invisibility)
 25566 | Orc:1    | XOM: summons 3 hostile shadow creatures
 25790 | Orc:3    | XOM: stat loss: -1 Dex (15/16)
 25928 | Orc:3    | XOM: enchant monster (bad)
 26277 | Orc:3    | XOM: harmless Conj miscast
 26351 | Orc:3    | XOM: harmless Summ miscast
 26546 | Orc:4    | Entered Level 4 of the Orcish Mines
 26546 | Orc:4    | Found a staircase to the Elven Halls.
 26572 | Orc:4    | XOM: confuse monster(s)
 26635 | Orc:4    | XOM: divination: magic mapping
 26781 | Orc:4    | Found Coanneawk's Antique Armour Shop.
 26820 | Orc:4    | Found Prodegry's Book Shoppe.
 27021 | Orc:4    | Found a roughly hewn altar of Beogh.
 27032 | Orc:4    | XOM: silly message
 27086 | Orc:4    | Found Sicel's Magic Scroll Shop.
 27127 | Orc:4    | Bought a scroll of enchant weapon III for 200 gold pieces
 27127 | Orc:4    | Bought a scroll of enchant weapon I for 35 gold pieces
 27162 | Orc:4    | XOM: divination: detect creatures
 27263 | Orc:4    | Found Satuc's Magic Scroll Shoppe.
 27270 | Orc:4    | Bought a scroll of enchant weapon III for 260 gold pieces
 27270 | Orc:4    | Bought a scroll of identify for 26 gold pieces
 27270 | Orc:4    | Bought a scroll of identify for 26 gold pieces
 27270 | Orc:4    | Bought a scroll of identify for 26 gold pieces
 27280 | Orc:4    | Bought a scroll of identify for 20 gold pieces
 27280 | Orc:4    | Bought a scroll of identify for 20 gold pieces
 27391 | Orc:4    | XOM: colour smoke trail
 27399 | Orc:4    | XOM: medium Necr miscast
 27777 | Orc:4    | XOM: cast spell 'Necromutation'
 27821 | D:11     | XOM is BORED!
 27821 | D:11     | XOM: mild Divn miscast
 28201 | Snake:2  | XOM: cast spell 'Ice Form'
 28223 | Snake:2  | XOM: divination: magic mapping
 28420 | Snake:2  | XOM: confuse monster(s)
 28437 | Snake:2  | Reached skill level 10 in Armour
 28600 | Snake:2  | XOM: polymorph naga sharpshooter -> red wasp
 29168 | Snake:3  | XOM: divination: detect creatures
 29442 | Snake:3  | XOM: god gift: 16 arrows of flame
 29477 | Snake:3  | XOM: colour smoke trail
 29638 | Snake:3  | XOM: medium Divn miscast
 29719 | Snake:3  | XOM: confuse monster(s)
 29725 | Snake:3  | XOM: medium Chrm miscast
 29760 | Snake:3  | XOM: medium Tloc miscast
 29762 | Snake:3  | XOM: enchant monster (bad)
 30123 | Snake:3  | XOM: summons friendly ufetubus
 30125 | Snake:3  | XOM: summons 9 friendly demons
 30137 | Snake:3  | Reached skill level 1 in Stealth
 30185 | Snake:3  | XOM: god gift: 59 gold pieces
 30701 | Snake:4  | XOM: noise
 30769 | Snake:4  | XOM: harmless Pois miscast
 30789 | Snake:4  | XOM: colour smoke trail
 30964 | Snake:4  | XOM: mild Summ miscast
 31073 | Snake:4  | XOM: enchant monster (good)
 31131 | Snake:4  | XOM: confuse monster(s)
 31136 | Snake:4  | Reached skill level 5 in Stealth
 31263 | Snake:4  | XOM: polymorph naga sharpshooter -> boring beetle
 31292 | Snake:4  | XOM: noise
 31294 | Snake:4  | XOM: repel stairs
 31296 | Snake:4  | XOM: enchant monster (bad)
 31377 | Snake:4  | XOM: swap monsters
 31383 | Snake:4  | XOM: harmless Divn miscast
 31384 | Snake:4  | XOM: cast spell 'Metabolic Englaciation'
 31573 | Snake:4  | XOM: god gift: blackened book {god gift}
 31574 | Snake:4  | Identified Xom's Handbook of Love and Death (Xom gifted it to you on level 4 of the Snake Pit)
 31628 | Snake:4  | XOM: inner flame monster(s)
 31629 | Snake:4  | XOM: god gift: leather armour {god gift}
 31697 | Snake:3  | XOM: god gift: wand of teleportation {god gift}
 31760 | Snake:4  | Reached XP level 16. HP: 87/103 MP: 25/25
 31804 | Snake:4  | XOM: give mutation
 31804 | Snake:4  | Gained mutation: You have sharp toenails. [Xom's grace]
 31989 | Snake:4  | XOM: divination: magic mapping
 32169 | Snake:4  | XOM: summons 12 friendly demons
 32195 | Snake:4  | XOM: scenery: 1 doors close
 32224 | Snake:4  | XOM: polymorph naga -> big kobold
 32387 | Snake:5  | Entered Level 5 of the Snake Pit
 32401 | Snake:5  | XOM: snakes to sticks
 32551 | Snake:5  | XOM: enchant monster (good)
 32723 | Snake:5  | XOM: harmless Fire miscast
 32771 | Snake:5  | XOM: swap monsters
 32785 | Snake:5  | XOM: divination: detect creatures
 33013 | Snake:5  | XOM: cast spell 'Tukima's Dance'
 33028 | Snake:5  | XOM: potion effect (might)
 33035 | Snake:5  | XOM: polymorph greater naga -> grey draconian
 33202 | Snake:5  | XOM: mild Tloc miscast
 33348 | Snake:5  | XOM: confuse monster(s)
 33393 | Snake:5  | XOM: silly message
 33401 | Snake:5  | Noticed Asterion
 33401 | Snake:5  | XOM: chaos upgrade
 33463 | Snake:5  | XOM: swap weapons
 33477 | Snake:5  | Killed Asterion
 33567 | Snake:5  | XOM: repel stairs
 33604 | Snake:5  | Reached skill level 10 in Stealth
 33730 | Snake:5  | XOM: colour smoke trail
 33856 | Snake:5  | Noticed Aizul
 33859 | Snake:5  | XOM: blink monster(s)
 33869 | Snake:5  | XOM: harmless Hex miscast
 33929 | Snake:5  | XOM: inner flame monster(s)
 33932 | Snake:5  | Noticed Aizul
 33932 | Snake:5  | Aizul changed into Aizul the red draconian
 33932 | Snake:5  | XOM: polymorph Aizul -> Aizul the red draconian
 33933 | Snake:5  | XOM: mild Chrm miscast
 33942 | Snake:5  | Killed Aizul the red draconian
 33952 | Snake:5  | XOM: inner flame monster(s)
 33994 | Snake:5  | XOM: summons 16 friendly demons
 34000 | Snake:5  | XOM: summons friendly quasit
 34038 | Snake:5  | Got a serpentine rune of Zot
 34515 | Snake:3  | XOM: enchant monster (good)
 34894 | D:10     | a hill giant changed into a snapping turtle
 34894 | D:10     | XOM: polymorph hill giant -> snapping turtle
 34952 | D:10     | XOM: cast spell 'Flight'
 35119 | D:10     | XOM: confuse monster(s)
 35164 | D:10     | XOM: divination: detect creatures
 35196 | D:12     | XOM: harmless Chrm miscast
 35392 | Depths:1 | XOM: divination: detect items
 35403 | Depths:1 | XOM: confuse monster(s)
 35432 | Depths:1 | XOM: mild Chrm miscast
 35437 | Depths:1 | XOM: divination: detect items
 35481 | Depths:1 | Found a one-way gate leading to the halls of Pandemonium.
 35623 | Depths:1 | XOM: potion effect (might)
 35625 | Depths:1 | XOM: harmless Chrm miscast
 35655 | Depths:1 | XOM: give mutations
 35655 | Depths:1 | Lost mutation: Armour fits poorly on your strangely shaped body. [Xom's mischief]
 35655 | Depths:1 | Lost mutation: You possess an exceptional clarity of mind. [Xom's mischief]
 35655 | Depths:1 | Lost mutation: You are weak. (Str -2) [Xom's mischief]
 35673 | Depths:1 | XOM: silly message
 35855 | Depths:2 | XOM: summons 11 friendly demons
 35859 | Depths:2 | XOM: god gift: 41 gold pieces
 35860 | Depths:2 | XOM: inner flame monster(s)
 35869 | Depths:2 | XOM: summons friendly shadow imp
 35884 | Depths:2 | XOM: summons 13 friendly demons
 35978 | Depths:2 | XOM: summons 13 friendly demons
 36085 | Depths:2 | XOM: summons 3 friendly demons
 36304 | Depths:2 | XOM: cast spell 'Statue Form'
 36305 | Depths:2 | XOM: divination: detect items
 36315 | Depths:2 | Reached XP level 17. HP: 90/108 MP: 18/26
 36330 | Depths:2 | XOM: silly message
 36351 | Depths:2 | Found a snail-covered altar of Cheibriados.
 36376 | Depths:2 | XOM: summons friendly ufetubus
 36383 | Depths:2 | XOM: swap monsters
 36403 | Depths:2 | XOM: summons friendly iron imp
 36432 | Depths:1 | XOM: summons 15 friendly demons
 36515 | Depths:1 | XOM: give mutations
 36515 | Depths:1 | Gained mutation: Your flesh is very heat resistant. [Xom's grace]
 36515 | Depths:1 | Gained mutation: Your digestive system is highly specialised to digest meat. [Xom's grace]
 36530 | Depths:1 | XOM: give mutations
 36530 | Depths:1 | Gained mutation: You have razor-sharp toenails. [Xom's grace]
 36530 | Depths:1 | Gained mutation: You are resistant to hostile enchantments. [Xom's grace]
 36530 | Depths:1 | Gained mutation: You possess an exceptional clarity of mind. [Xom's grace]
 36530 | Depths:1 | Gained mutation: You are surrounded by a mild repulsion field (EV +2). [Xom's grace]
 36622 | Depths:2 | XOM: medium Erth miscast
 36629 | Depths:2 | XOM: swap weapons
 36650 | Depths:2 | Found a gateway to a ziggurat.
 36735 | Depths:2 | Noticed a tentacled monstrosity
 36750 | Depths:2 | XOM: stat loss: -1 Int (8/9)
 36760 | Depths:2 | XOM: potion effect (brilliance)
 36795 | Depths:2 | XOM: silly message
 36798 | Depths:2 | Killed a tentacled monstrosity
 36881 | Depths:2 | Found a white marble altar of Elyvilon.
 36922 | Depths:2 | XOM: summons 8 friendly demons
 36937 | Depths:2 | XOM: polymorph deep elf knight -> siren
 36965 | Depths:2 | XOM: potion effect (magic)
 36974 | Depths:2 | XOM: enchant monster (bad)
 37004 | Depths:2 | XOM: blink monster(s)
 37065 | Depths:2 | Killed from afar by a hellion

Action                   |  1- 3 |  4- 6 |  7- 9 | 10-12 | 13-15 | 16-18 || total
-------------------------+-------+-------+-------+-------+-------+-------++-------
Melee: Mace              |   107 |   195 |       |       |       |       ||   302
       Morningstar       |       |    12 |   412 |   374 |       |   100 ||   898
       Unarmed           |       |     1 |       |       |       |     2 ||     3
       Demon whip        |       |       |       |   453 |  2070 |   585 ||  3108
Throw: Javelin           |       |     2 |     4 |       |     1 |     5 ||    12
 Abil: Breathe Fire      |       |     2 |       |       |       |       ||     2
       Spit Poison       |       |       |       |     2 |       |       ||     2
Evoke: Wand              |       |       |    13 |    26 |    62 |    13 ||   114
       Deck              |       |       |       |     1 |       |       ||     1
       Rod               |       |       |       |       |    26 |    19 ||    45
       Stone of tremors  |       |       |       |       |     3 |     3 ||     6
       Lamp of fire      |       |       |       |       |     3 |     3 ||     6
  Use: Potion            |       |     6 |     5 |     7 |    18 |     6 ||    42
       Scroll            |       |     6 |    14 |     9 |    15 |    12 ||    56
 Stab: Sleeping          |     1 |       |     1 |     3 |    21 |     1 ||    27
       Paralysed         |       |     1 |       |       |     1 |     3 ||     5
       Petrifying        |       |     1 |       |       |     1 |       ||     2
       Petrified         |       |     1 |       |       |       |     1 ||     2
       Distracted        |       |       |     1 |     3 |     5 |     3 ||    12
       Confused          |       |       |       |     4 |     8 |     2 ||    14
       Invisible         |       |       |       |       |    18 |       ||    18
       Fleeing           |       |       |       |       |     1 |       ||     1
